 Dungeon Crawl Stone Soup version 0.15.2 (webtiles) character file.

4872 Huymann the Thaumaturge (level 10, -2/56 HPs)
             Began as a Deep Elf Wizard on Feb 25, 2015.
             Was a Priest of Vehumet.
             Slain by a two-headed hydra (15 damage)
             ... on Level 9 of the Dungeon.
             The game lasted 01:29:06 (11091 turns).

Huymann the Thaumaturge (Deep Elf Wizard)          Turns: 11091, Time: 01:29:06

HP  -2/56        AC  5     Str  6      XL: 10   Next: 26%
MP  22/30        EV 15     Int 24      God: Vehumet [***...]
Gold 490         SH  0     Dex 14      Spells: 10 memorised,  6 levels left

rFire  x . .     SeeInvis .     k - +2 dagger (venom)
rCold  + . .     Clarity  .     q - +1 robe
rNeg   . . .     rCorr    .     (no shield)
rPois  .         rRot     .     b - +0 hat
rElec  .         Spirit   .     I - +0 cloak
SustAb .         Warding  .     (no gloves)
rMut   .         Stasis   .     t - +0 pair of boots
Gourm  .                        (no amulet)
MR     +....                    O - ring of ice
                                J - ring of wizardry

@: somewhat resistant to hostile enchantments, stealthy
A: no striking features
a: Renounce Religion


You were on level 9 of the Dungeon.
You worshipped Vehumet.
Vehumet was most pleased with you.
You were not hungry.

You visited 1 branch of the dungeon, and saw 9 of its levels.

You collected 490 gold pieces.

Inventory:

Hand weapons
 e - a +1 dagger
 k - a +2 dagger of venom (weapon)
 y - a +0 shortbow
Missiles
 f - 61 poisoned needles
 m - 172 arrows
 n - 8 tomahawks (quivered)
 s - 14 arrows of flame
 C - 32 arrows of frost
 N - 3 throwing nets
 S - 10 arrows of dispersal
 V - 8 javelins
Armour
 b - a +0 hat (worn)
 q - a +1 robe (worn)
 t - a +0 pair of boots (worn)
 I - a +0 cloak (worn)
 Y - a +1 leather armour of positive energy
Magical devices
 a - a wand of paralysis (9)
 l - a wand of slowing (15)
 v - a wand of lightning (3)
 E - a wand of slowing (16)
 G - a wand of fire (2)
 L - a wand of slowing (9)
 Q - a wand of frost (10)
 Z - a wand of fireball (3)
Comestibles
 d - 4 bread rations
 j - 6 meat rations
 p - 3 royal jellies
 K - 2 fruits
 M - a slice of pizza
 R - 3 chunks of hippogriff flesh
 X - a chunk of bat flesh
Scrolls
 g - 5 scrolls of remove curse
 r - a scroll of amnesia
 D - a scroll of identify
 H - a scroll of magic mapping
 T - a scroll of blinking
 W - a scroll of enchant armour
Jewellery
 w - a cursed ring of teleportation
 x - an uncursed ring of flight
 F - an uncursed ring of fire
 J - a ring of wizardry (left hand)
 O - a ring of ice (right hand)
Potions
 h - 3 potions of curing
 i - 2 potions of haste
 o - a potion of magic {unknown}
 u - a potion of flight {unknown}
 z - a potion of resistance {unknown}
 A - a potion of restore abilities {unknown}
 B - 3 potions of heal wounds {unknown}
 P - a potion of lignification {unknown}
 U - a potion of might {unknown}
Books
 c - a book of Minor Magic

   Spells                             Type                      Level
   *Magic Dart                        Conjuration                  1
   *Blink                             Translocation                2
   *Call Imp                          Summoning                    2
   *Repel Missiles                    Charms/Air                   2
   Slow                               Hexes                        2
   *Conjure Flame                     Conjuration/Fire             3
   *Mephitic Cloud                    Conjuration/Poison/Air       3


   Skills:
 * Level 3.4 Fighting
 * Level 5.5 Short Blades
 + Level 2.5 Throwing
 * Level 6.3 Dodging
 * Level 7.9 Stealth
 * Level 9.1 Spellcasting
 * Level 6.0 Conjurations
 * Level 2.3 Hexes
 + Level 2.5 Summonings
 + Level 2.5 Translocations
 * Level 3.2 Fire Magic
 * Level 2.8 Ice Magic
 + Level 2.1 Air Magic
 + Level 2.0 Poison Magic
 + Level 1.0 Evocations


You had 6 spell levels left.
You knew the following spells:

 Your Spells              Type           Power        Failure   Level  Hunger
a - Magic Dart            Conj           ####         1%          1    None
b - Blink                 Tloc           N/A          1%          2    None
c - Call Imp              Summ           ###.....     1%          2    None
d - Mephitic Cloud        Conj/Pois/Air  ####....     1%          3    None
e - Conjure Flame         Conj/Fire      ###.....     1%          3    None
f - Repel Missiles        Chrm/Air       ###...       3%          2    None
g - Sting                 Conj/Pois      ####         1%          1    None
h - Freeze                Ice            ####         1%          1    None
i - Dazzling Spray        Conj/Hex       ####....     1%          3    None
j - Inner Flame           Hex/Fire       ##......     1%          3    None


Dungeon Overview and Level Annotations

Branches:
Dungeon (9/15)             Temple (0/1) D:5
    Orc: D:9-12        Lair: D:8-11

Altars:
Cheibriados
Dithmenos
Kikubaaqudgha
Okawaru
Sif Muna
Trog
Vehumet
Xom
Zin

Annotations:
D:4 Sigmund


Message History

The two-headed hydra bites you!
The two-headed hydra bites you but does no damage.
Something hits the plant.
Something burns the plant.
Unknown command.
Drink which item? (? for menu, Esc to quit)
You feel better.
The two-headed hydra is engulfed in roaring flames.
The two-headed hydra barely misses you. The two-headed hydra bites you!
Zapping:
a - a wand of paralysis {zapped: 1}
Press: ? - help, Shift-Dir - straight line, f - two-headed hydra
Aim: a two-headed hydra (flame, heavily wounded)
The two-headed hydra resists with almost no effort.
The two-headed hydra is engulfed in roaring flames.
The two-headed hydra bites you!
* * * LOW HITPOINT WARNING * * *
The two-headed hydra closely misses you.
The big kobold looks more healthy.
The two-headed hydra is engulfed in roaring flames.
The two-headed hydra bites you!
You die...

######## #(@....#
#D####.#
#PPKY§K≈.#.#
#P≈..Y...#.#
#≈KP...%.#.#
#P≈≈..P..#.#
#.≈P...%%#.#
#'###'''##.## .
#.....#..#########


You could see a two-headed hydra, a yak, 2 big kobolds and a sheep.

Vanquished Creatures
  An ugly thing (D:8)
  2 two-headed ogres (D:8)
  A yak (D:9)
  A hippogriff (D:9)
  A hungry ghost (D:8)
  A water moccasin (D:7)
  4 sky beasts
  A black bear (D:7)
  A necrophage (D:8)
  An ice beast (D:9)
  4 ogres
  2 phantoms (D:7)
  3 centaurs
  3 giant frogs
  A water moccasin zombie (D:7)
  6 jellies
  A cyclops skeleton (D:9)
  3 killer bees (D:5)
  3 scorpions
  A hippogriff zombie (D:9)
  3 crimson imps
  5 hounds
  4 orc priests
  A goliath beetle (D:8)
  A centaur skeleton (D:7)
  A giant frog zombie (D:7)
  2 gnoll shamans
  A giant frog skeleton (D:5)
  3 orc wizards
  5 iguanas
  3 worker ants
  Ijyb (D:7)
  An ogre skeleton (D:7)
  An ogre zombie (D:7)
  2 mummies
  7 gnolls
  A scorpion zombie (D:6)
  11 adders
  4 giant mites
  3 shadow imps
  2 worms
  4 giant geckos
  3 oozes
  16 orcs
  4 ball pythons
  17 bats
  18 hobgoblins
  4 jackals (D:9)
  21 kobolds
  4 quokkas
  9 giant cockroaches
  5 giant newts
  10 goblins
  A kobold skeleton (D:3)
  2 orc zombies
  A quokka zombie (D:7)
  10 rats
  A rat skeleton (D:5)
  5 butterflies (D:5)
238 creatures vanquished.

Vanquished Creatures (collateral kills)
  A sky beast (D:5)
  An ogre (D:7)
  A giant frog (D:7)
  A killer bee (D:5)
  Crazy Yiuf (D:5)
  A worker ant (D:5)
  A giant mite (D:5)
  3 orcs
  A giant cockroach (D:5)
  A bat (D:3)
12 creatures vanquished.

Vanquished Creatures (others)
  A crimson imp (D:9)
  A shadow imp (D:9)
2 creatures vanquished.

Grand Total: 252 creatures vanquished

Notes
Turn   | Place    | Note
--------------------------------------------------------------
     0 | D:1      | Huymann, the Deep Elf Wizard, began the quest for the Orb.
     0 | D:1      | Reached XP level 1. HP: 10/10 MP: 6/6
   391 | D:1      | Reached XP level 2. HP: 15/15 MP: 5/10
  1072 | D:1      | Reached skill level 1 in Short Blades
  1469 | D:2      | Reached XP level 3. HP: 19/19 MP: 13/13
  1605 | D:2      | Reached skill level 5 in Spellcasting
  1645 | D:2      | Learned a level 2 spell: Blink
  1648 | D:2      | Learned a level 2 spell: Call Imp
  1652 | D:2      | Learned a level 3 spell: Mephitic Cloud
  1656 | D:2      | Learned a level 3 spell: Conjure Flame
  2375 | D:3      | Reached XP level 4. HP: 18/24 MP: 10/17
  3441 | D:3      | Reached XP level 5. HP: 28/28 MP: 19/19
  3630 | D:4      | Noticed Sigmund
  3630 | D:4      | Noticed a phantom
  3639 | D:5      | Entered Level 5 of the Dungeon
  3816 | D:5      | Noticed Crazy Yiuf
  3837 | D:5      | Killed Crazy Yiuf
  4132 | D:5      | Found a radiant altar of Vehumet.
  4137 | D:5      | Reached skill level 1 in Fighting
  4137 | D:5      | Reached XP level 6. HP: 32/34 MP: 0/21
  4140 | D:5      | Reached skill level 1 in Throwing
  4163 | D:5      | Became a worshipper of Vehumet
  4541 | D:5      | Found a staircase to the Ecumenical Temple.
  5046 | D:5      | Noticed a sky beast
  5065 | D:5      | Killed a sky beast
  5065 | D:5      | Reached skill level 6 in Spellcasting
  5065 | D:5      | Reached XP level 7. HP: 20/38 MP: 1/24
  5331 | D:5      | Reached skill level 1 in Air Magic
  5839 | D:6      | Reached XP level 8. HP: 12/44 MP: 10/25
  6084 | D:6      | Learned a level 2 spell: Repel Missiles
  6234 | D:6      | Found a snail-covered altar of Cheibriados.
  6250 | D:6      | Found a bloodstained altar of Trog.
  6273 | D:6      | Reached skill level 5 in Stealth
  6365 | D:6      | Acquired Vehumet's first power
  6365 | D:6      | Offered knowledge of Sting by Vehumet.
  6368 | D:6      | Learned a level 1 spell: Sting
  7004 | D:6      | Reached skill level 1 in Poison Magic
  7031 | D:6      | Found a glowing silver altar of Zin.
  7036 | D:6      | Found a shimmering altar of Xom.
  7039 | D:6      | Found a radiant altar of Vehumet.
  7234 | D:7      | Reached skill level 5 in Dodging
  7479 | D:7      | Found a deep blue altar of Sif Muna.
  7479 | D:7      | Found an ancient bone altar of Kikubaaqudgha.
  7480 | D:7      | Found a shadowy altar of Dithmenos.
  7616 | D:7      | Reached skill level 7 in Spellcasting
  8194 | D:7      | Reached skill level 1 in Fire Magic
  8451 | D:7      | Noticed Ijyb
  8461 | D:7      | Reached skill level 5 in Conjurations
  8461 | D:7      | Reached skill level 1 in Evocations
  8479 | D:7      | Killed Ijyb
  8479 | D:7      | Offered knowledge of Freeze by Vehumet.
  8483 | D:7      | Learned a level 1 spell: Freeze
  8684 | D:7      | Reached XP level 9. HP: 39/49 MP: 20/28
  8843 | D:7      | Reached skill level 8 in Spellcasting
  8872 | D:7      | Reached skill level 1 in Ice Magic
  9009 | D:7      | Found an iron altar of Okawaru.
  9480 | D:8      | Offered knowledge of Dazzling Spray by Vehumet.
  9485 | D:8      | Learned a level 3 spell: Dazzling Spray
  9533 | D:8      | Noticed a brown ugly thing
  9539 | D:8      | Killed a brown ugly thing
  9539 | D:8      | Reached skill level 5 in Short Blades
  9539 | D:8      | Reached skill level 1 in Hexes
 10116 | D:8      | Acquired Vehumet's second power
 10507 | D:9      | Reached XP level 10. HP: 32/56 MP: 16/30
 10810 | D:9      | Offered knowledge of Inner Flame by Vehumet.
 10815 | D:9      | Learned a level 3 spell: Inner Flame
 10949 | D:9      | Reached skill level 9 in Spellcasting
 11079 | D:9      | Noticed a two-headed hydra
 11091 | D:9      | Slain by a two-headed hydra

Action                   |  1- 3 |  4- 6 |  7- 9 | 10-12 || total
-------------------------+-------+-------+-------+-------++-------
Melee: Dagger            |    55 |    76 |   265 |    36 ||   432
Throw: Tomahawk          |       |    24 |    23 |     3 ||    50
 Cast: Magic Dart        |    69 |    26 |    21 |     7 ||   123
       Mephitic Cloud    |     1 |    18 |    36 |     5 ||    60
       Call Imp          |       |    12 |    13 |       ||    25
       Conjure Flame     |       |    12 |    26 |     7 ||    45
       Blink             |       |     7 |    10 |       ||    17
       Sting             |       |       |    25 |     8 ||    33
       Repel Missiles    |       |       |     1 |       ||     1
       Dazzling Spray    |       |       |    13 |       ||    13
       Inner Flame       |       |       |       |     4 ||     4
Evoke: Wand              |       |     2 |     6 |     3 ||    11
  Use: Scroll            |     7 |     1 |    10 |       ||    18
       Potion            |       |       |       |     1 ||     1
 Stab: Sleeping          |     5 |     1 |     6 |     2 ||    14
       Confused          |       |     3 |    15 |     3 ||    21
       Invisible         |       |       |     3 |       ||     3
  Eat: Chunk             |     4 |     7 |    17 |     2 ||    30
       Beef jerky        |       |     2 |       |       ||     2
       Fruit             |       |       |     2 |       ||     2
